 Dungeon Crawl Stone Soup version 0.23.2 (webtiles) character file.

Game seed: 13818586896861017302

65 Fang the Skirmisher (level 4, -5/29 HPs)
             Began as a Gargoyle Berserker on Apr 2, 2019.
             Was a Believer of Trog.
             Slain by Sigmund
             ... wielding a +0 scythe
              (9 damage)
             ... on level 3 of the Dungeon.
             The game lasted 00:02:20 (2002 turns).

Fang the Skirmisher (Gargoyle Berserker)            Turns: 2002, Time: 00:02:20

Health: -5/29      AC: 15    Str: 22    XL:     4   Next: 14%
Magic:  4/4        EV:  7    Int:  7    God:    Trog [**....]
Gold:   99         SH:  0    Dex:  9    Spells: 3/3 levels left

rFire    . . .     SeeInvis .   a - +0 hand axe
rCold    . . .     Gourm    .   (no shield)
rNeg     + . .     Faith    .   b - +0 plate armour
rPois    ∞         Spirit   .   (no helmet)
rElec    +         Reflect  .   (no cloak)
rCorr    .         Harm     .   (no gloves)
MR       .....                  (no boots)
Stlth    ..........             (no amulet)
HPRegen  0.09/turn              (no ring)
MPRegen  0.09/turn              (no ring)

@: confused
A: negative energy resistance 1, electricity resistance, unbreathing,
petrification resistance, rot immunity, AC +3
a: Berserk, Trog's Hand, Renounce Religion


You were on level 3 of the Dungeon.
You worshipped Trog.
Trog was pleased with you.
You were not hungry.

You visited 1 branch of the dungeon, and saw 3 of its levels.

You collected 99 gold pieces.

Inventory:

Hand Weapons
 a - a +0 hand axe (weapon)
Armour
 b - a +0 plate armour (worn)
Scrolls
 f - a scroll of remove curse
 k - a scroll of teleportation {unknown}
Potions
 e - a potion of heal wounds {unknown}
 g - a potion of agility {unknown}
 h - a potion of curing
 l - a potion of degeneration {unknown}
Comestibles
 c - 6 rations
 d - a chunk of flesh


   Skills:
 + Level 3.9 Fighting
 + Level 3.2 Axes
 + Level 3.1 Armour
 + Level 2.1 Dodging


You had 3 spell levels left.
You didn't know any spells.
Your spell library was empty.

Dungeon Overview and Level Annotations

Branches:
Dungeon (3/15)

Altars:
Cheibriados
Nemelex Xobeh
The Shining One

Annotations:
D:3 Sigmund


Innate Abilities, Weirdness & Mutations

You are resistant to torment.
Your stone body is resilient. (AC +3)
You are immune to poison.
You resist negative energy. (rN+)
You are resistant to electric shocks. (rElec)
You can survive without breathing.
You are immune to petrification.
You are immune to rotting.


Message History

You swing at nothing.
You swing at nothing.
Something hits you.
You swing at nothing.
Something hits you.
* * * LOW HITPOINT WARNING * * *
You swing at nothing.
Something hits you.
* * * LOW HITPOINT WARNING * * *
You swing at nothing.
Something hits you but does no damage.
You swing at nothing.
You swing at nothing.
Something hits you.
* * * LOW HITPOINT WARNING * * *
You swing at nothing.
You hear some strange, mumbled words.
You are confused.
You're too confused to attack without stumbling around!
You're too confused to attack without stumbling around!
You're too confused to attack without stumbling around!
You're too confused to attack without stumbling around!
You're too confused to attack without stumbling around!
You bump into the rock wall.
Something hits you!
You die...

#.#.# #.#.#.#
#......
#.#.#.#
#...#.#
#...#.#
#..)..#
#..>#.######.#
#..@..†....<..
##.##..####$##
#.##..#
#.##..#
#.##..#
#.##..#
#.##..#
#.##..# ..#


There were no monsters in sight!

Vanquished Creatures
  An adder (D:2)
  An ooze (D:2)
  A dart slug (D:2)
  2 leopard geckos (D:1)
  An orc (D:2)
  3 giant cockroaches (D:1)
  7 goblins
  5 hobgoblins
  3 jackals (D:3)
  A ball python (D:1)
  5 bats
  3 frilled lizards
  6 kobolds
  5 rats (D:1)
44 creatures vanquished.

Notes
Turn   | Place    | Note
-------+----------+-------------------------------------------
     0 | D:1      | Fang the Gargoyle Berserker began the quest for the Orb.
     0 | D:1      | Reached XP level 1. HP: 14/14 MP: 1/1
   315 | D:1      | Reached XP level 2. HP: 12/19 MP: 2/2
   809 | D:1      | Reached XP level 3. HP: 23/23 MP: 3/3
  1051 | D:1      | Reached ** piety under Trog
  1642 | D:2      | Found a glowing golden altar of the Shining One.
  1805 | D:2      | Found a sparkling altar of Nemelex Xobeh.
  1818 | D:2      | Reached XP level 4. HP: 25/29 MP: 4/4
  1913 | D:2      | Found a snail-covered altar of Cheibriados.
  1972 | D:3      | Noticed Sigmund
  2002 | D:3      | Slain by Sigmund

Skill      XL: |  1  2  3 |
---------------+----------+-----
Axes           | 3 |  3.2
Dodging        | 2 |  2.1
Armour         | 3 |  3.1
Fighting       | |  3.9

Action                   |  1- 3 |  4- 6 || total
-------------------------+-------+-------++-------
Melee: Hand axe          |   118 |    15 ||   133
Invok: Berserk           |     1 |       ||     1
  Use: Scroll            |     5 |       ||     5
  Eat: Chunk             |     4 |     1 ||     5
Armor: Animal skin       |    52 |       ||    52
       Chain mail        |    27 |       ||    27
       Plate armour      |     5 |    17 ||    22
Dodge: Dodged            |    90 |     4 ||    94
